AoeStats
← SabahIctimasi

Fortress

509950533Analyzed
4v4 RM · 4d ago on Sep 28, 2026· 48m 8s· 8 players
Game mode
Random Map
Map size
Huge
Population
200
Speed
Normal
Resources
Standard
Victory
Conquest
Starting age
Dark Age
Ending age
Imperial Age
RankedLock teamsTeams togetherTeam positionsShared explorationLock speedFull tech treeHidden civsTurbo modeCheats
Victory
Defeat
🇮🇹 Sicilians · Italy
1330
+15
🇧🇪 Varangians · Belgium
1323
+15
🇬🇷 Berbers · Greece
1274
+17
🇪🇸 Spanish · Spain
1263
+16
🇨🇳 Lithuanians · China
1304
-16
🇹🇷 Spanish · Türkiye
1301
-16
1299
-16
🇨🇳 Persians · China
1277
-15
SabahIctimasi
7:53 Feudal Age
11:36 Castle Age
10:04 Double-Bit Axe
10:00 Horse Collar
12:45 Bow Saw
13:14 Loom
18:35 Padded Archer Armor
20:13 Husbandry
20:51 Gold Mining
22:24 Heavy Plow
23:36 Wheelbarrow
24:03 Bloodlines
23:52 Town Watch
26:08 Leather Archer Armor
30:52 Imperial Age
29:25 Stone Mining
30:50 Stone Shaft Mining
32:37 Ring Archer Armor
31:54 Elite Conquistador
33:57 Chemistry
34:28 Two-Man Saw
36:38 Ballistics
39:27 Hoardings
39:14 Conscription
41:54 Town Patrol
42:10 Hand Cart
44:33 Caravan
谢por
7:47 Feudal Age
11:48 Castle Age
10:21 Double-Bit Axe
10:30 Horse Collar
16:05 Wheelbarrow
17:23 Hand Cart
18:12 Town Watch
18:12 Loom
19:12 Bow Saw
21:22 Heavy Plow
27:51 Imperial Age
25:44 Bloodlines
26:00 Husbandry
26:44 Fortified Wall
27:27 Scale Barding Armor
27:32 Forging
27:25 Caravan
29:05 Elite Leitis
30:30 Crop Rotation
31:01 Two-Man Saw
29:25 Elite Leitis
30:49 Chain Barding Armor
31:04 Iron Casting
32:07 Chemistry
31:27 Ballistics
30:35 Cavalier
31:30 Light Cavalry
32:48 Plate Barding Armor
33:20 Devotion
33:09 Paladin
33:44 Fletching
33:55 Padded Archer Armor
36:10 Guilds
36:31 Coinage
37:23 Town Patrol
37:58 Banking
37:36 Bodkin Arrow
37:57 Leather Archer Armor
37:29 Winged Hussar
42:14 Hill Forts
44:48 Gold Mining
44:48 Stone Mining
46:11 Hoardings
45:57 Conscription
boom n type gg noob team
6:50 Feudal Age
6:24 Double-Bit Axe
6:31 Horse Collar
13:37 Castle Age
13:29 Bow Saw
13:43 Heavy Plow
14:40 Gold Mining
17:53 Loom
19:08 Wheelbarrow
20:33 Gold Shaft Mining
24:09 Hand Cart
24:14 Forging
23:43 Pikeman
29:14 Imperial Age
27:18 Fletching
27:37 Padded Archer Armor
28:12 Hand Cart
28:17 Stone Mining
29:26 Conscription
28:27 Elite Skirmisher
29:13 Thumb Ring
30:01 Stone Shaft Mining
30:15 Masonry
29:46 Crossbowman
30:41 Bodkin Arrow
31:22 Iron Casting
30:48 Arbalester
32:14 Bracer
36:14 Siege Engineers
36:14 Squires
35:34 Halberdier
38:41 Ballistics
41:58 Iron Casting
45:59 Forced Levy
46:43 Man-at-Arms
47:09 Arson
47:45 Long Swordsman
49:09 Coinage
孤鸿
7:57 Feudal Age
11:34 Castle Age
9:23 Double-Bit Axe
9:29 Horse Collar
11:44 Loom
14:13 Bow Saw
16:32 Wheelbarrow
18:50 Gold Mining
18:51 Stone Mining
21:48 Stone Shaft Mining
21:37 Heavy Plow
23:21 Hand Cart
23:16 Fletching
24:49 Bodkin Arrow
27:38 Imperial Age
27:18 Gold Shaft Mining
27:24 Scale Barding Armor
27:30 Forging
27:21 Husbandry
27:32 Bloodlines
27:55 Padded Archer Armor
27:56 Elite War Elephant
28:57 Conscription
28:54 Heavy Camel Rider
30:21 Chain Barding Armor
30:37 Iron Casting
30:50 Leather Archer Armor
32:47 Two-Man Saw
35:03 Masonry
37:04 Hoardings
40:25 Plate Barding Armor
40:04 Guilds
hades
7:20 Feudal Age
8:13 Double-Bit Axe
11:53 Castle Age
9:50 Horse Collar
11:35 Forging
12:02 Scale Barding Armor
13:31 Bow Saw
16:13 Loom
18:17 Sanctity
18:19 Fervor
18:19 Town Watch
25:08 Imperial Age
23:26 Wheelbarrow
23:34 Husbandry
23:44 Bloodlines
23:45 Scale Barding Armor
26:15 Conscription
26:12 Gold Mining
26:12 Stone Mining
27:34 Two-Man Saw
28:18 Stone Mining
28:49 Hand Cart
28:48 Scale Mail Armor
31:27 Elite Conquistador
31:47 Pikeman
32:28 Squires
34:24 Hoardings
34:29 Halberdier
37:23 Chemistry
37:58 Iron Casting
37:43 Chain Barding Armor
37:14 Fletching
37:24 Padded Archer Armor
37:16 Elite Skirmisher
38:02 Thumb Ring
41:00 Plate Barding Armor
41:25 Blast Furnace
40:43 Town Patrol
Royal Yakuza
8:06 Feudal Age
9:15 Double-Bit Axe
12:07 Castle Age
13:11 Bow Saw
13:20 Horse Collar
14:08 Heavy Plow
17:53 Stone Mining
19:54 Wheelbarrow
19:33 Gold Mining
22:28 Town Watch
25:21 Imperial Age
23:45 Scale Barding Armor
24:26 Forging
24:32 Bloodlines
25:10 Chain Barding Armor
25:27 Husbandry
26:14 Elite Jarl
27:15 Conscription
28:00 Crop Rotation
28:42 Iron Casting
28:44 Plate Barding Armor
28:46 Stone Shaft Mining
28:14 Squires
28:03 Arson
29:18 Guilds
30:34 Blast Furnace
29:24 Fletching
30:56 Two-Man Saw
35:00 Chemistry
Jac
0:54 Loom
7:51 Feudal Age
12:27 Castle Age
10:43 Horse Collar
11:14 Double-Bit Axe
12:35 Forging
17:08 Fletching
21:09 Sanctity
23:45 Scale Mail Armor
34:13 Imperial Age
31:41 Gold Mining
33:39 Iron Casting
34:05 Ballistics
33:41 Murder Holes
33:40 Elite Skirmisher
35:00 Chain Mail Armor
35:00 Pikeman
36:41 Blast Furnace
44:40 Caravan
Papiz96
7:16 Feudal Age
11:14 Castle Age
11:00 Double-Bit Axe
10:57 Horse Collar
11:25 Fletching
16:32 Wheelbarrow
19:23 Loom
22:23 Bow Saw
22:56 Hand Cart
26:33 Imperial Age
24:36 Husbandry
25:58 Ballistics
25:50 Bloodlines
28:11 Conscription
27:54 Bodkin Arrow
29:51 Chemistry
29:51 Stone Mining
29:55 Gold Mining
30:11 Elite Camel Archer
31:01 Bracer
31:55 Padded Archer Armor
33:29 Thumb Ring
33:59 Kasbah
34:00 Maghrebi Camels
34:22 Siege Engineers
44:23 Masonry
Connection lost

Rejoining the realm…

Still unreachable

The connection could not be restored.

Session expired

The server has moved on; the page needs a fresh start.